 Dungeon Crawl Stone Soup version 0.30.0-19-g36f170ea60 (webtiles) character file.

Game seed: 1221881313362832818

100 booth the Chopper (level 4, -1/32 (38) HPs)
             Began as a Gnoll Reaver on May 31, 2023.
             Was a Plaything of Xom.
             Constricted to death by Robin (3 damage)
             ... on level 2 of the Dungeon on June 1, 2023.
             The game lasted 00:10:38 (1805 turns).

booth the Chopper (Gnoll Reaver)                    Turns: 1805, Time: 00:10:38

HP:   -1/32 (38)    AC:  7    Str: 13    XL:     4   Next: 74%
MP:   3/3           EV:  9    Int: 13    God:    Xom [......]
Gold: 62            SH:  3    Dex: 10    Spells: 7/13 levels left

rFire   . . .        d - +1 dagger (antimagic)
rCold   . . .        f - +0 buckler
rNeg    . . .        b - +0 leather armour
rPois   .            (no helmet)
rElec   .            (no cloak)
rCorr   .            (no gloves)
SInv    .            (no boots)
Will    .....        (no amulet)
Stlth   +            k - +4 ring of protection
HPRegen 0.25/turn    (no ring)
MPRegen 0.08/turn

%: no passive effects
@: grasped by roots, constricted, heavily drained
A: fangs 1, strong nose, distributed training, no potion heal 1
a: Renounce Religion


You were on level 2 of the Dungeon.
You worshipped Xom.
You were a very special plaything of Xom.
You visited 1 branch of the dungeon, and saw 2 of its levels.

You collected 62 gold pieces.

Inventory:

Hand Weapons
 a - a +0 hand axe
 d - a +1 antimagic dagger (weapon)
 j - a +0 mace
Missiles
 e - 5 boomerangs (quivered)
Armour
 b - a +0 leather armour (worn)
 f - a +0 buckler (worn)
Jewellery
 k - a +4 ring of protection (left hand)
 m - a ring of ice
Wands
 i - a wand of roots (8)
 l - a wand of flame (20)
Scrolls
 g - a scroll of identify {unknown}
 h - 3 scrolls of teleportation
Potions
 c - a potion of curing


   Skills:
 + Level 4.7 Fighting
 + Level 1.2 Short Blades
 + Level 1.2 Long Blades
 + Level 6.6 Axes
 + Level 1.2 Maces & Flails
 + Level 1.2 Polearms
 + Level 1.2 Staves
 + Level 1.2 Ranged Weapons
 + Level 1.2 Throwing
 + Level 1.2 Armour
 + Level 4.7 Dodging
 + Level 1.2 Stealth
 + Level 1.2 Shields
 + Level 1.2 Unarmed Combat
 + Level 5.1 Spellcasting
 + Level 5.5 Conjurations
 + Level 1.0 Hexes
 + Level 1.0 Summonings
 + Level 1.0 Necromancy
 + Level 1.0 Translocations
 + Level 1.0 Transmutations
 + Level 1.0 Fire Magic
 + Level 1.0 Ice Magic
 + Level 1.0 Air Magic
 + Level 1.0 Earth Magic
 + Level 1.0 Poison Magic
 + Level 1.4 Invocations
 + Level 1.2 Evocations


You had 7 spell levels left.
You knew the following spells:

 Your Spells              Type           Power      Damage    Failure   Level
a - Kiss of Death         Conj/Necr      44%        2d8       9%          1
b - Momentum Strike       Conj/Tloc      22%        3d8       13%         2
c - Hailstorm             Conj/Ice       11%        3d5       26%         3

Your spell library contained the following spells:

 Spells                   Type           Power      Damage    Failure   Level


Dungeon Overview and Level Annotations

Branches:
Dungeon (2/15)

Altars:
Xom

Annotations:
D:2 Robin


Innate Abilities, Weirdness & Mutations

You have very sharp teeth.
Your uncanny sense of smell can sniff out nearby items.
Your experience applies equally to all skills.
Potions are less effective at restoring your health.


Message History

Welcome back, booth the Gnoll Reaver.
Xom snickers.
Press ? for a list of commands and other information.
You barely miss Robin. You bite Robin, but do no damage.
Robin is almost dead.
You hit the goblin.
You kill the goblin!
Robin completely misses you.
You feel magic leave you.
d - a +1 antimagic dagger (weapon)
Robin throws the goblin at you! The goblin hits you with a +0 club.
You hit Robin but do no damage.
Robin is almost dead.
Robin barely misses you. The goblin hits you with a +0 club.
You barely miss Robin.
Robin is almost dead.
Robin zaps a wand.
The roots erupt in riotous growth!
The grasping roots grab you!
The goblin is unaffected.
Robin is unaffected.
The grasping roots constrict you. The goblin hits you with a +0 club.
* * * LOW HITPOINT WARNING * * *
You barely miss Robin.
Robin is almost dead.
The hobgoblin no longer looks unusually strong.
Robin roars a battlecry!
The hobgoblin goes into a battle-frenzy!
The grasping roots constrict you.
* * * LOW HITPOINT WARNING * * *
The goblin barely misses you.
You hit the goblin.
The goblin is moderately wounded.
Robin misses you. The grasping roots constrict you.
* * * LOW HITPOINT WARNING * * *
The goblin hits you but does no damage.
You closely miss the goblin.
The goblin is moderately wounded.
The goblin no longer looks unusually strong.
Robin barely misses you. The grasping roots constrict you.
You die...
Xom bursts into laughter!

#.# #.#
#. #.#
#.# #.
#.# #.#
#. #.#
#.# #.
#.#
#.######.
#.#
#........
#.#
#########
#g# #@#
#g#
#g...gg..
###......
......
#####


You could see Robin (very drained), a hobgoblin (strong) and a goblin.

Vanquished Creatures
  3 adders (D:2)
  A worm (D:2)
  3 dart slugs (D:2)
  5 orcs (D:2)
  2 bats
  5 endoplasms
  A giant cockroach (D:1)
  12 goblins
  5 hobgoblins
  3 jackals (D:1)
  5 kobolds
  A ball python (D:1)
  3 frilled lizards
  5 rats
54 creatures vanquished.

Notes
Turn   | Place    | Note
-------+----------+-------------------------------------------
     0 | D:1      | booth the Gnoll Reaver began the quest for the Orb.
     0 | D:1      | Reached XP level 1. HP: 20/20 MP: 6/6
   111 | D:1      | Reached XP level 2. HP: 25/26 MP: 7/7
   295 | D:1      | Reached skill level 5 in Spellcasting
   295 | D:1      | Reached XP level 3. HP: 17/31 MP: 7/9
   368 | D:1      | Learned a level 2 spell: Momentum Strike
   372 | D:1      | Learned a level 3 spell: Hailstorm
   501 | D:1      | Found a faded altar of an unknown god.
   536 | D:1      | Prayed at the altar of an unknown god.
   536 | D:1      | Became a worshipper of Xom the Capricious
   914 | D:2      | Reached skill level 1 in Invocations
   925 | D:2      | Reached skill level 1 in Short Blades
   925 | D:2      | Reached skill level 1 in Long Blades
   925 | D:2      | Reached skill level 1 in Maces & Flails
   925 | D:2      | Reached skill level 1 in Polearms
   925 | D:2      | Reached skill level 1 in Staves
   925 | D:2      | Reached skill level 1 in Ranged Weapons
   925 | D:2      | Reached skill level 1 in Throwing
   925 | D:2      | Reached skill level 1 in Armour
   925 | D:2      | Reached skill level 1 in Stealth
   925 | D:2      | Reached skill level 1 in Shields
   925 | D:2      | Reached skill level 1 in Unarmed Combat
   925 | D:2      | Reached skill level 1 in Evocations
  1110 | D:2      | Reached XP level 4. HP: 38/38 MP: 11/11
  1428 | D:2      | Reached skill level 1 in Hexes
  1428 | D:2      | Reached skill level 1 in Summonings
  1428 | D:2      | Reached skill level 1 in Necromancy
  1428 | D:2      | Reached skill level 1 in Translocations
  1428 | D:2      | Reached skill level 1 in Transmutations
  1428 | D:2      | Reached skill level 1 in Fire Magic
  1428 | D:2      | Reached skill level 1 in Ice Magic
  1428 | D:2      | Reached skill level 1 in Air Magic
  1428 | D:2      | Reached skill level 1 in Earth Magic
  1428 | D:2      | Reached skill level 1 in Poison Magic
  1697 | D:2      | XOM: blink monster(s)
  1762 | D:2      | XOM: give mutation
  1762 | D:2      | Gained mutation: Potions are less effective at restoring
                  | your health. [Xom's mischief]
  1779 | D:2      | Noticed Robin
  1804 | D:2      | HP: 1/32 [constriction (2)]
  1805 | D:2      | Constricted to death by Robin

Illustrated notes

Levels and vault maps discovered:
D:1:      tarquinn_simple_flora_water_d, layout_rooms,
          shapermc_ecumenical_altar_mp_highgroup
D:2:      layout_basic, uniq_robin

Skill      XL: |  1  2  3  4 |
---------------+-------------+-----
Spellcasting   | 5 |  5.1
Invocations    | 1 |  1.4
Short Blades   | 1 |  1.2
Long Blades    | 1 |  1.2
Maces & Flails | 1 |  1.2
Polearms       | 1 |  1.2
Staves         | 1 |  1.2
Ranged Weapons | 1 |  1.2
Throwing       | 1 |  1.2
Armour         | 1 |  1.2
Stealth        | 1 |  1.2
Shields        | 1 |  1.2
Unarmed Combat | 1 |  1.2
Evocations     | 1 |  1.2
Hexes          | 1 |  1.0
Summonings     | 1 |  1.0
Necromancy     | 1 |  1.0
Translocations | 1 |  1.0
Transmutations | 1 |  1.0
Fire Magic     | 1 |  1.0
Ice Magic      | 1 |  1.0
Air Magic      | 1 |  1.0
Earth Magic    | 1 |  1.0
Poison Magic   | 1 |  1.0
Fighting       | |  4.7
Axes           | |  6.6
Dodging        | |  4.7
Conjurations   | |  5.5

Action                     |  1- 3 |  4- 6 || total
---------------------------+-------+-------++-------
  Melee: Hand axe          |    93 |    94 ||   187
         Bite              |    13 |     8 ||    21
         Punch             |     1 |       ||     1
         Dagger            |       |     5 ||     5
  Throw: Boomerang         |       |     6 ||     6
   Cast: Kiss of Death     |       |     1 ||     1
    Use: Scroll            |     3 |     1 ||     4
         Potion            |     2 |       ||     2
 Armour: Leather armour    |    31 |    31 ||    62
  Dodge: Dodged            |    70 |    53 ||   123
  Block: Buckler           |    10 |    14 ||    24
